 Dungeon Crawl Stone Soup version 0.30-a0-696-g2367cd04db (webtiles) character file.

Game seed: 2614601632595625865

4064 Rennog the Grappler (level 10, -4/100 HPs)
             Began as a Troll Fighter on Jan 20, 2023.
             Was a Believer of Makhleb.
             Slain by an orc priest
             ... wielding a +0 trident
              (7 damage)
             ... on level 8 of the Dungeon.
             The game lasted 00:13:08 (4734 turns).

Rennog the Grappler (Troll Fighter)                 Turns: 4734, Time: 00:13:09

Health: -4/100     AC:  5    Str: 32    XL:     10   Next: 5%
Magic:  9/9        EV: 14    Int:  4    God:    Makhleb [**....]
Gold:   414        SH: 10    Dex: 13    Spells: 9/9 levels left

rFire   . . .      SeeInvis .      - Unarmed
rCold   . . .      Faith    .    b - +0 kite shield
rNeg    . . .      Spirit   .    a - +1 robe
rPois   .          Reflect  .    (helmet restricted)
rElec   .          Harm     .    (no cloak)
rCorr   .          Rampage  .    (gloves unavailable)
Will    .....                    (boots unavailable)
Stlth   +                        (no amulet)
HPRegen 1.16/turn                r - +5 ring of evasion
MPRegen 0.11/turn                w - +6 ring of strength

@: mighty
A: large, unfitting armour, claws 3, regeneration 1, shaggy fur 1, tough skin 1
a: Renounce Religion, Minor Destruction


You were on level 8 of the Dungeon.
You worshipped Makhleb.
Makhleb was pleased with you.
You visited 2 branches of the dungeon, and saw 9 of its levels.
You also visited: Bailey.

You collected 414 gold pieces.

Inventory:

Armour
 a - a +1 robe (worn)
 b - a +0 kite shield (worn)
Jewellery
 e - a ring of ice
 r - a +5 ring of evasion (left claw)
 w - a +6 ring of strength (right claw)
Wands
 q - a wand of polymorph (5)
 y - a wand of iceblast (1)
 E - a wand of mindburst (18)
Scrolls
 d - 3 scrolls of enchant armour
 f - 2 scrolls of noise {unknown}
 g - 4 scrolls of identify {unknown}
 k - a scroll of enchant weapon {unknown}
 m - a scroll of blinking {unknown}
 o - a scroll of brand weapon {unknown}
 p - 4 scrolls of fear {unknown}
 t - 2 scrolls of teleportation {unknown}
 v - a scroll of poison {unknown}
 A - 3 scrolls of fog {unknown}
 C - a scroll of silence {unknown}
 D - 2 scrolls of vulnerability {unknown}
Potions
 h - a potion of heal wounds {unknown}
 i - 2 potions of curing
 j - a potion of haste {unknown}
 l - 5 potions of attraction {unknown}
 n - 4 potions of mutation {unknown}
 s - 3 potions of lignification {unknown}
 u - a potion of brilliance {unknown}
 x - a potion of ambrosia {unknown}
 z - 2 potions of berserk rage {unknown}
 B - a potion of degeneration {unknown}
 F - a potion of flight {unknown}


   Skills:
 + Level 6.4 Fighting
 + Level 3.2 Dodging
 + Level 7.1 Shields
 * Level 10.3 Unarmed Combat


You had 9 spell levels left.
You didn't know any spells.
Your spell library contained the following spells:

 Spells                   Type           Power      Damage    Failure   Level
 Ensorcelled Hibernation  Hex/Ice        0%         N/A       87%         2
 Passwall                 Tmut/Erth      0%         N/A       87%         2
 Portal Projectile        Hex/Tloc       0%         N/A       98%         3
 Swiftness                Air            0%         N/A       98%         3
 Tukima's Dance           Hex            0%         N/A       98%         3
 Blade Hands              Tmut           0%         N/A       100%        5


Dungeon Overview and Level Annotations

Branches:
Dungeon (8/15)             Temple (1/1) D:5            Lair (0/5) D:8
 Bailey (visited)

Altars:
Ashenzari
Cheibriados
Dithmenos
Elyvilon
Fedhas
Gozag
Hepliaklqana
Kikubaaqudgha
Makhleb
Okawaru
Qazlal
Ru
Sif Muna
Trog
Uskayaw
Vehumet
Wu Jian
Xom
Yredelemnul
Zin
The Shining One

Shops:
D:4 [=

Annotations:
D:2 Sigmund
D:6 2 runed translucent doors, elongatedgoose's ghost, novice GnTm
Temple 2 transporters


Innate Abilities, Weirdness & Mutations

You are too large for most types of armour.
You have claws for hands.
Your natural rate of healing is unusually fast.
You are covered in fur. (AC +1)
You have tough skin. (AC +1)


Message History

* * * LOW HITPOINT WARNING * * *
The orc priest closely misses you. The killer bee barely misses you.
You block the killer bee's attack. The killer bee stings you.
* * * LOW HITPOINT WARNING * * *
You are poisoned.
The killer bee poisons you!
You feel better. The killer bee completely misses you.
The killer bee barely misses you. You block the killer bee's attack.
The killer bee stings you.
* * * LOW HITPOINT WARNING * * *
The orc priest closely misses you. You block the killer bee's attack.
The killer bee misses you.
You barely miss the killer bee.
The killer bee is severely wounded.
The killer bee stings you.
* * * LOW HITPOINT WARNING * * *
You are poisoned.
The killer bee poisons you! You block the killer bee's attack.
The killer bee stings you.
* * * LOW HITPOINT WARNING * * *
You are more poisoned.
The killer bee poisons you!
The orc priest looks encouraged for a moment.
The killer bee stings you.
* * * LOW HITPOINT WARNING * * *
The killer bee closely misses you. You block the killer bee's attack.
You feel better. The killer bee closely misses you. x2
The killer bee misses you. The killer bee stings you.
* * * LOW HITPOINT WARNING * * *
The orc priest hits you from afar with a +0 trident!
* * * LOW HITPOINT WARNING * * *
The killer bee stings you but does no damage. x2
As you read the scroll labelled GOCRAA SECS, it crumbles to dust.
It is a scroll of enchant armour.
Your +0 robe glows green for a moment.
The killer bee completely misses you. The killer bee stings you!
* * * LOW HITPOINT WARNING * * *
You block the killer bee's attack. The killer bee misses you.
The orc priest hits you from afar with a +0 trident!
You die...

#.......###### #
#............. ###### .
#.............
........#########.............
.......#......................
.......#...........)...)......
##.....#......................
##.....#........yy....##'##...
##.....#........@yo...# ..# #
.#..)..#..............# ...
.'..).)'..............# ....
.#######.####.....##### ....
.........##.........# ##..
........##...........#
.......)'..............
...............>.......
........#..............


You could see 3 killer bees and an orc priest.

Vanquished Creatures
  An orc knight (D:7)
  Grinder (D:4)
  Prince Ribbit (D:6)
  2 wargs
  2 water moccasins
  4 orc warriors
  A black bear (D:5)
  An ice beast (D:5)
  4 ogres
  2 bullfrogs
  A gnoll sergeant (D:7)
  2 necrophages
  3 scorpions
  4 wights
  3 killer bees (D:7)
  A howler monkey (D:5)
  An electric eel (Bailey)
  2 jellies
  Crazy Yiuf (D:7)
  7 orc priests
  2 hounds (D:6)
  10 orc wizards
  4 iguanas
  8 gnolls
  6 adders
  An ufetubus (D:4)
  2 worms
  3 dart slugs
  18 orcs
  4 bats
  5 endoplasms
  5 giant cockroaches
  13 goblins
  8 hobgoblins
  10 kobolds
  5 quokkas
  9 ball pythons
  3 frilled lizards
  3 rats
163 creatures vanquished.

Vanquished Creatures (others)
  3 plants (D:4)
3 creatures vanquished.

Grand Total: 166 creatures vanquished

Notes
Turn   | Place    | Note
-------+----------+-------------------------------------------
     0 | D:1      | Rennog the Troll Fighter began the quest for the Orb.
     0 | D:1      | Reached XP level 1. HP: 22/22 MP: 0/0
   116 | D:1      | Reached XP level 2. HP: 29/29 MP: 1/1
   599 | D:2      | Noticed Sigmund
   604 | D:2      | Reached XP level 3. HP: 29/36 MP: 2/2
   775 | D:2      | Reached skill level 3 in Unarmed Combat
   778 | D:2      | Found an ornate altar of the Wu Jian Council.
   859 | D:2      | Found a faded altar of an unknown god.
   862 | D:2      | Noticed a golden eye
   870 | D:2      | Noticed a shining eye
   876 | D:2      | Noticed an eye of devastation
   882 | D:2      | Noticed a golden eye
   936 | D:2      | Identified the +2 plate armour of Life {rN++ rCorr Str-3
                  | Slay+3}
   972 | D:3      | Found a blossoming altar of Fedhas.
  1139 | D:3      | Reached XP level 4. HP: 42/44 MP: 3/3
  1366 | D:4      | Found a hazy altar of Hepliaklqana.
  1471 | D:4      | Noticed an ogre
  1474 | D:4      | Found Urghohebb's Jewellery Emporium.
  1611 | D:4      | Noticed Grinder
  1620 | D:4      | Killed Grinder
  1621 | D:4      | Reached skill level 4 in Unarmed Combat
  1621 | D:4      | Reached XP level 5. HP: 23/53 MP: 4/4
  1621 | D:4      | Reached XP level 6. HP: 27/61 MP: 5/5
  1787 | D:4      | Found Enki's Dragon-Slaying Spoils.
  1886 | D:4      | Reached skill level 5 in Unarmed Combat
  1963 | D:5      | Entered Level 5 of the Dungeon
  1991 | D:5      | Reached XP level 7. HP: 45/68 MP: 6/6
  2087 | D:5      | Reached skill level 6 in Unarmed Combat
  2116 | D:5      | Reached skill level 5 in Shields
  2116 | D:5      | Reached XP level 8. HP: 79/79 MP: 7/7
  2194 | D:5      | Found a staircase to the Ecumenical Temple.
  2225 | D:5      | Reached skill level 7 in Unarmed Combat
  2440 | Temple   | Entered the Ecumenical Temple
  2440 | Temple   | Found a transporter.
  2440 | Temple   | Found a transporter.
  2442 | Temple   | Found a transporter.
  2442 | Temple   | Found a transporter.
  2470 | Temple   | Became a worshipper of Makhleb the Destroyer
  2604 | D:6      | Reached skill level 5 in Fighting
  2632 | D:6      | Noticed Prince Ribbit
  2648 | D:6      | Killed Prince Ribbit
  2649 | D:6      | Reached skill level 8 in Unarmed Combat
  2882 | D:6      | Reached XP level 9. HP: 88/88 MP: 8/8
  2963 | D:6      | Found a large runed translucent door.
  2963 | D:6      | Found a large runed translucent door.
  2964 | D:6      | Noticed elongatedgoose's ghost (novice GnTm)
  3104 | D:7      | Reached * piety under Makhleb
  3165 | D:7      | Found a flagged portal.
  3188 | Bailey   | Entered a bailey
  3232 | Bailey   | Reached skill level 9 in Unarmed Combat
  3294 | Bailey   | Noticed an orc knight
  3328 | D:7      | Killed an orc knight
  3528 | D:7      | Found an iron altar of Okawaru.
  3627 | D:7      | Found a snail-covered altar of Cheibriados.
  4004 | D:7      | Reached skill level 10 in Unarmed Combat
  4028 | D:7      | Found a runed translucent door.
  4029 | D:7      | Noticed Crazy Yiuf
  4244 | D:7      | Killed Crazy Yiuf
  4328 | D:8      | Found a staircase to the Lair.
  4382 | D:8      | Found a radiant altar of Vehumet.
  4390 | D:8      | Reached ** piety under Makhleb
  4550 | D:8      | Reached XP level 10. HP: 88/100 MP: 9/9
  4734 | D:8      | HP: 3/100 [killer bee (7)]
  4734 | D:8      | Slain by an orc priest

Illustrated notes

Levels and vault maps discovered:
D:1:      dpeg_arrival_shrine, layout_basic, patterned_corridor
D:2:      layout_rooms, basic_altar, hellmonk_ecumenical_altar_watching_god,
          uniq_sigmund
D:3:      layout_basic, fedhas_altar_1
D:4:      layout_cave_pools, nicolae_hepliaklqana_hazy_memory, serial_shops,
          nicolae_square_shop, nicolae_shop_dragon_depot, uniq_grinder
D:5:      layout_rooms, minmay_temple_entry_statues_fountains,
          chequers_serial_rivers_room_a
D:6:      layout_rooms, ebering_ghost_disaster_area, uniq_prince_ribbit1
D:7:      layout_loops_ring, okawaru_gym_becter, overflow_temple_1_default,
          enter_bailey_5, reono_crystal_passage, hangedman_decor_riveting,
          chequers_mini_garden, minmay_misc_feat_square,
          hangedman_abyss_or_decor_slice, uniq_crazy_yiuf_cottage
D:8:      layout_gridville, mainiacjoe_overflow_alcove_1,
          erik_lair_orcish_takeover, gammafunk_ghost_arena, minivault_23,
          minmay_manual_monolith
Temple:   hellmonk_temple_divided_pantheon

Skill      XL: |  1  2  3  4  5  6  7  8  9 |
---------------+----------------------------+-----
Shields        | 3 4 5 6 7 |  7.1
Unarmed Combat | 3 4 5 6 8 10 | 10.3
Fighting       | 3 4 5 6 |  6.4
Dodging        | 3 |  3.2

Action                   |  1- 3 |  4- 6 |  7- 9 | 10-12 || total
-------------------------+-------+-------+-------+-------++-------
Melee: Unarmed           |   110 |    79 |   239 |    33 ||   461
Evoke: Wand              |       |       |     4 |     1 ||     5
  Use: Potion            |       |       |     1 |     5 ||     6
       Scroll            |       |       |       |     1 ||     1
 Stab: Sleeping          |       |     1 |     2 |       ||     3
Armor: Robe              |    24 |    13 |    24 |    13 ||    74
Dodge: Dodged            |    38 |    37 |   121 |    64 ||   260
Block: Kite shield       |    34 |    33 |    80 |    38 ||   185

Table legend: (Time is in decaauts)
 A = Elapsed time spent in this place.
 B = Non-inter-level travel time spent in this place.
 C = Inter-level travel time spent in this place.
 D = Time resting spent in this place.
 E = Time spent auto-exploring this place.
 F = Levels seen in this place.
 G = Mean time per level.
                   A        B        C        D        E       F      G
               +--------+--------+--------+--------+--------+-----+--------+
         Total |   4734 |   4350 |    384 |    260 |   2915 |  10 |  473.4 |
       Dungeon |   4558 |   4181 |    377 |    205 |   2909 |   8 |  569.8 |
        Temple |     45 |     38 |      7 |      0 |      6 |   1 |   45.0 |
        Bailey |    130 |    130 |      0 |     55 |      0 |   1 |  130.0 |
               +--------+--------+--------+--------+--------+-----+--------+

Top non-repeatable levels by time:
     D:7: 1260 daAuts
     D:4: 587 daAuts
     D:1: 559 daAuts
     D:6: 554 daAuts
     D:5: 500 daAuts
     D:2: 415 daAuts
     D:3: 414 daAuts
     D:8: 265 daAuts
  Bailey: 130 daAuts
  Temple: 45 daAuts
